 Dungeon Crawl Stone Soup version 0.32-a0-868-g153ae1a8d6 (webtiles) character file.

Game seed: 7501580851588295362

1608 ojifijod the Cleaver (level 9, -1/64 HPs)
             Began as a Formicid Fighter on Mar 28, 2024.
             Was a Believer of Okawaru.
             Slain by a spriggan
             ... wielding a +0 spear
              (2 damage)
             ... in a bailey.
             The game lasted 00:05:48 (5939 turns).

ojifijod the Cleaver (Formicid Fighter)             Turns: 5939, Time: 00:05:49

Health: -1/64      AC: 15    Str: 26    XL:     9   Next: 16%
Magic:  9/9        EV: 12    Int:  7    God:    Okawaru [**....]
Gold:   188        SH:  6    Dex: 13    Spells: 8/8 levels left

rFire   . . .        y - +1 hand axe (vamp)
rCold   . . .        c - +0 buckler
rNeg    . . .        F - +0 plate armour
rPois   .            (helmet unavailable)
rElec   .            (no cloak)
rCorr   .            (no gloves)
SInv    +            z - +2 pair of slick slippers {slick, slippery, EV+4}
Will    +....        u - amulet of magic regeneration Stlth
                     f - ring of willpower
HPRegen 0.30/turn    (no ring)
MPRegen 0.51/turn

%: no passive effects
@: heroic
A: permanent stasis, dig shafts and tunnels, antennae 3, four strong arms
a: Dig, Renounce Religion, Heroism


You were in a bailey.
You worshipped Okawaru.
Okawaru was pleased with you.
You visited 2 branches of the dungeon, and saw 8 of its levels.
You also visited: Bailey.

You collected 258 gold pieces.
You spent 70 gold pieces at shops.

Inventory:

Hand Weapons
 a - a +0 war axe
 y - a +1 vampiric hand axe (weapon)
Armour
 c - a +0 buckler (worn)
 z - the +2 pair of slick slippers (worn) {slick, slippery, EV+4}
   (You found it on level 5 of the Dungeon)

   Slick:     Its wearer cannot be constricted, engulfed, netted, webbed, or
   stopped by binding sigils.
   Slippery:  Its wearer slips away from damaging melee attacks, pulling the
   attacker onward.
   EV+4:      It affects your evasion (+4).
 F - a +0 plate armour (worn)
Jewellery
 f - a ring of willpower (left hand)
 u - an amulet of magic regeneration (around neck)
Wands
 w - a wand of warping (2)
Scrolls
 e - 5 scrolls of identify {unknown}
 i - 3 scrolls of fog {unknown}
 j - a scroll of torment {unknown}
 m - 3 scrolls of enchant weapon {unknown}
 n - a scroll of enchant armour {unknown}
 o - a scroll of teleportation {unknown}
 r - 2 scrolls of vulnerability {unknown}
 s - a scroll of brand weapon {unknown}
 t - 2 scrolls of blinking {unknown}
 v - a scroll of revelation {unknown}
 A - a scroll of immolation
 B - a scroll of poison {unknown}
Potions
 d - 2 potions of might
 h - a potion of ambrosia {unknown}
 k - a potion of heal wounds
 l - a potion of enlightenment {unknown}
 p - a potion of attraction {unknown}
 q - 4 potions of curing {unknown}
 x - a potion of degeneration {unknown}
 C - a potion of cancellation {unknown}
 E - a potion of mutation {unknown}


   Skills:
 - Level 3.2(8.2) Fighting
 + Level 11.1(16.1) Axes
 - Level 3.2(8.2) Armour
 - Level 4.0(9.0) Shields


You had 8 spell levels left.
You didn't know any spells.
Your spell library contained the following spells:

 Spells                   Type           Power      Damage    Failure   Level
 Cigotuvi's Dreadful Rot  Necr/Alch/Air  0%         N/A       100%        2
 Lesser Beckoning         Tloc           0%         N/A       100%        2
 Momentum Strike          Conj/Tloc      0%         3d8       100%        2
 Scorch                   Fire           0%         2d5       100%        2
 Sigil of Binding         Hex            0%         N/A       100%        3
 Dimensional Bullseye     Hex/Tloc       0%         N/A       100%        4
 Dispel Undead            Necr           0%         3d6       100%        4
 Flame Wave               Conj/Fire      0%         2d4       100%        4
 Ignite Poison            Fire/Alch      0%         N/A       100%        4
 Freezing Cloud           Conj/Ice/Air   0%         6-21      100%        5
 Blink                    Tloc           Unusable   N/A       N/A         2
 Call Canine Familiar     Summ           Unusable   N/A       N/A         3
 Martyr's Knell           Necr/Summ      Unusable   N/A       N/A         4
 Summon Cactus Giant      Summ           Unusable   N/A       N/A         6

Dungeon Overview and Level Annotations

Branches:
Dungeon (7/15)             Temple (1/1) D:4          Bailey (1/1)

Altars:
Ashenzari
Cheibriados
Gozag
Kikubaaqudgha
Makhleb
Nemelex Xobeh
Okawaru
Qazlal
Ru
Trog
Uskayaw
Wu Jian
Xom

Shops:
D:4 !

Annotations:
D:4 2 runed translucent doors, Crazy Yiuf; tommooo's ghost, amateur TrGl
D:6 1 runed translucent door, sychorax's ghost, novice OpEE


Innate Abilities, Weirdness & Mutations

You cannot be hasted, slowed, berserked, paralysed or teleported.
You can dig through walls and to a lower floor.
You have a pair of large antennae on your head. (SInv)
Your four strong arms can wield two-handed weapons with a shield.


Message History

You barely miss the spriggan. You miss the spriggan.
The spriggan hits you with a +0 spear.
* * * LOW HITPOINT WARNING * * *
The spriggan misses you.
You slash the spriggan!
You feel better.
The spriggan is severely wounded.
You miss the spriggan. You hit the spriggan.
You feel better.
The spriggan hits you with a +0 trident.
* * * LOW HITPOINT WARNING * * *
The spriggan hits you but does no damage.
You hit the spriggan.
The spriggan is almost dead.
You hit the spriggan.
You feel better.
You hit the spriggan.
The spriggan hits you with a +0 trident.
* * * LOW HITPOINT WARNING * * *
You slip backwards!
The spriggan hits you but does no damage.
Unknown command.
You hit the spriggan.
You feel better.
The spriggan is moderately wounded.
You barely miss the spriggan.
The spriggan hits you from afar with a +0 spear!
* * * LOW HITPOINT WARNING * * *
You block the spriggan's attack.
You hit the spriggan but do no damage.
The spriggan is almost dead.
You barely miss the spriggan.
The spriggan hits you with a +0 trident.
* * * LOW HITPOINT WARNING * * *
You hit the spriggan.
The spriggan is almost dead.
You barely miss the spriggan.
The spriggan hits you but does no damage.
The spriggan completely misses you.
Unknown command.
You miss the spriggan.
The spriggan is lightly wounded.
You miss the spriggan. You block the spriggan's attack.
The spriggan hits you from afar with a +0 spear.
You die...

####
....#
.....#
~....#
♣..##
#ii##
##i@#
#..#
#..# {
#..#
#..#
#..#
#♣..#
{ {
##..##
.♣
##..##


You could see 3 spriggans.

Vanquished Creatures
  2 water moccasins
  An ice beast (D:6)
  A sky beast (D:7)
  3 ogres
  2 centaurs
  Blork the orc (D:4)
  2 bullfrogs
  2 scorpions
  4 hounds
  A bombardier beetle (D:3)
  2 iguanas
  3 sleepcaps
  Robin (D:2)
  4 gnolls (D:7)
  7 adders
  2 shadow imps
  A white imp (D:6)
  4 ufetubi (D:5)
  A ribbon worm (D:2)
  A dart slug (D:1)
  An orc (D:3)
  7 ball pythons
  3 endoplasms
  2 giant cockroaches
  16 goblins
  6 hobgoblins
  3 jackals (D:1)
  8 kobolds
  3 quokkas
  5 bats
  3 frilled lizards
  6 rats
108 creatures vanquished.

Notes
Turn   | Place    | Note
-------+----------+-------------------------------------------
     0 | D:1      | ojifijod the Formicid Fighter began the quest for the Orb.
     0 | D:1      | Reached XP level 1. HP: 18/18 MP: 1/1
   106 | D:1      | Reached XP level 2. HP: 24/24 MP: 2/2
   199 | D:1      | Reached skill level 3 in Axes
   438 | D:1      | Reached XP level 3. HP: 23/29 MP: 3/3
   708 | D:2      | Noticed Robin
   716 | D:2      | Killed Robin
   717 | D:2      | Reached skill level 4 in Axes
   717 | D:2      | Reached XP level 4. HP: 32/35 MP: 4/4
  1737 | D:3      | Found a snail-covered altar of Cheibriados.
  1825 | D:3      | Reached skill level 5 in Axes
  1825 | D:3      | Reached XP level 5. HP: 23/41 MP: 5/5
  2125 | D:4      | Reached XP level 6. HP: 47/47 MP: 6/6
  2247 | D:4      | Reached skill level 6 in Axes
  2289 | D:4      | Found a runed translucent door.
  2290 | D:4      | Noticed Crazy Yiuf
  2316 | D:4      | Found Ebimaot's Distillery.
  2325 | D:4      | Bought a potion of heal wounds for 70 gold pieces
  2403 | D:4      | Found a staircase to the Ecumenical Temple.
  2442 | Temple   | Entered the Ecumenical Temple
  2453 | Temple   | Became a worshipper of Warmaster Okawaru
  2693 | D:4      | Found a runed translucent door.
  2693 | D:4      | Noticed tommooo's ghost (amateur TrGl)
  2712 | D:4      | Noticed Blork the orc
  2842 | D:4      | HP: 2/47 [Blork the orc/+0 flail (3)]
  2844 | D:4      | Killed Blork the orc
  3137 | D:5      | Entered Level 5 of the Dungeon
  3376 | D:5      | Reached skill level 7 in Axes
  3376 | D:5      | Reached XP level 7. HP: 25/52 MP: 7/7
  3905 | D:5      | Found the +2 pair of slick slippers {slick, slippery, EV+4}
  3982 | D:5      | Found a burning altar of Makhleb.
  4001 | D:5      | Reached * piety under Okawaru
  4002 | D:5      | Reached skill level 8 in Axes
  4131 | D:6      | Noticed a water moccasin
  4154 | D:6      | Killed a water moccasin
  4155 | D:6      | Reached XP level 8. HP: 41/58 MP: 8/8
  4303 | D:6      | Reached skill level 9 in Axes
  4574 | D:6      | Reached ** piety under Okawaru
  4577 | D:6      | Found an opulent altar of Gozag.
  4617 | D:6      | Found a sacrificial altar of Ru.
  4633 | D:6      | Found a runed translucent door.
  4633 | D:6      | Noticed sychorax's ghost (novice OpEE)
  4636 | D:6      | Noticed a basilisk
  5229 | D:7      | Reached skill level 10 in Axes
  5493 | D:7      | Reached XP level 9. HP: 30/64 MP: 9/9
  5621 | D:7      | Found a flagged portal.
  5814 | Bailey   | Entered a bailey
  5845 | Bailey   | Reached skill level 11 in Axes
  5936 | Bailey   | HP: 2/64 [spriggan/+0 spear (9)]
  5939 | Bailey   | Slain by a spriggan

Illustrated notes

Levels and vault maps discovered:
D:1:      scummos_arrival_gate, layout_basic, serial_bayou_pond_a
D:2:      layout_basic, uniq_robin
D:3:      layout_basic, mainiacjoe_overflow_alcove_4, minmay_misc_feat_room
D:4:      layout_cave_pods, minmay_temple_entry_waves, serial_shops, shop,
          gammafunk_ghost_grave, uniq_crazy_yiuf_cottage, uniq_blork_the_orc
D:5:      layout_rooms, makhleb_heckhound_becter
D:6:      layout_basic, mainiacjoe_overflow_tiny_flanked,
          nicolae_gozag_seed_capital, ebering_ghost_inner_flame,
          kb_lookout_dungeons_type
D:7:      layout_basic, mainiacjoe_overflow_concentric_impassable,
          enter_bailey_2
Temple:   nicolae_temple_ecumenical_triangle
Bailey:   bailey_polearm_enchanted_keep_hellmonk, bailey

Skill      XL: |  1  2  3  4  5  6  7  8  9 |
---------------+----------------------------+-----
Axes           | 3 4 5 7 8 10 11 | 11.1
Fighting       | |  3.2
Armour         | |  3.2
Shields        | |  4.0

Action                     |  1- 3 |  4- 6 |  7- 9 || total
---------------------------+-------+-------+-------++-------
  Melee: War axe           |    55 |   177 |    36 ||   268
         Hand axe          |       |       |   214 ||   214
 Invoke: Heroism           |       |       |     1 ||     1
Ability: Dig               |       |       |     2 ||     2
    Use: Potion            |       |     1 |       ||     1
 Armour: Scale mail        |    33 |   168 |    94 ||   295
         Plate armour      |       |       |    61 ||    61
         Chain mail        |       |       |    21 ||    21
  Dodge: Dodged            |    30 |    80 |   108 ||   218
  Block: Buckler           |    18 |    50 |    58 ||   126

Table legend: (Time is in decaauts)
 A = Elapsed time spent in this place.
 B = Non-inter-level travel time spent in this place.
 C = Inter-level travel time spent in this place.
 D = Time resting spent in this place.
 E = Time spent auto-exploring this place.
 F = Levels seen in this place.
 G = Mean time per level.
                   A        B        C        D        E       F      G
               +--------+--------+--------+--------+--------+-----+--------+
         Total |   5987 |   5746 |    241 |    824 |   3818 |   9 |  665.2 |
       Dungeon |   5850 |   5614 |    236 |    824 |   3746 |   7 |  835.7 |
        Temple |     16 |     11 |      5 |      0 |      0 |   1 |   16.0 |
        Bailey |    119 |    119 |      0 |      0 |     72 |   1 |  119.0 |
               +--------+--------+--------+--------+--------+-----+--------+

Top non-repeatable levels by time:
     D:4: 1201 daAuts
     D:6: 1138 daAuts
     D:3: 786 daAuts
     D:1: 767 daAuts
     D:5: 698 daAuts
     D:2: 659 daAuts
     D:7: 598 daAuts
  Bailey: 119 daAuts
  Temple: 16 daAuts
